 Dungeon Crawl Stone Soup version 0.23.2-40-g277498a001 (webtiles) character file.

Game seed: 17093292523040493451

12704 DildoBatman the Dealer of Despair (level 12, -3/74 HPs)
             Began as a Formicid Wizard on Oct 23, 2019.
             Was an Elder of Kikubaaqudgha.
             Killed from afar by a frost giant (24 damage)
             ... with a bolt of cold
             ... on level 11 of the Dungeon.
             The game lasted 00:44:32 (10693 turns).

DildoBatman the Dealer of Despair (FoWz)           Turns: 10693, Time: 00:44:33

Health: -3/74      AC:  5    Str: 12    XL:     12   Next: 23%
Magic:  32/32      EV: 12    Int: 23    God:    Kikubaaqudgha [****..]
Gold:   587        SH:  0    Dex:  9    Spells: 3/25 levels left

rFire    . . .     SeeInvis +   a - +9 heavy crossbow "Sniper" {velocity, Acc+∞ SInv}
rCold    . . .     Gourm    .   (no shield)
rNeg     . . .     Faith    .   r - +0 robe
rPois    +         Spirit   .   (helmet unavailable)
rElec    .         Reflect  .   L - +2 cloak {rPois}
rCorr    .         Harm     .   (no gloves)
MR       +....                  (no boots)
Stlth    +++.......             m - amulet of magic regeneration
HPRegen  0.22/turn              I - ring of magical power
MPRegen  0.48/turn              M - ring of stealth

@: no status effects
A: permanent stasis, dig shafts and tunnels, four strong arms, antennae 3
a: Dig, Shaft Self, Receive Corpses, Renounce Religion


You were on level 11 of the Dungeon.
You worshipped Kikubaaqudgha.
Kikubaaqudgha was greatly pleased with you.
You were hungry.

You visited 2 branches of the dungeon, and saw 12 of its levels.

You collected 656 gold pieces.
You spent 69 gold pieces at shops.

Inventory:

Hand Weapons
 a - the +9 heavy crossbow "Sniper" (weapon) {velocity, Acc+∞ SInv}
   (You found it on level 7 of the Dungeon)

   Any bolt fired from it inflicts extra damage.
   It lets you see invisible.
 b - a +3 hunting sling
 c - a +3 dagger of freezing
 e - a +0 halberd
 V - a +1 scimitar of flaming
Missiles
 d - 50 sling bullets
 j - 72 bolts (quivered)
 D - 228 arrows
 W - 4 javelins
Armour
 k - a scarf of repulsion
 r - a +0 robe (worn)
 A - a +0 shield
 L - a +2 cloak of poison resistance (worn)
 P - a +2 large shield
Magical Staves
 R - an uncursed staff of cold
Jewellery
 i - an uncursed ring of flight
 l - an uncursed ring of protection from fire
 m - an amulet of magic regeneration (around neck)
 E - an uncursed ring of resist corrosion
 I - a ring of magical power (left hand)
 M - a ring of stealth (right hand)
Wands
 p - a wand of clouds (3)
 u - a wand of iceblast (6)
 y - a wand of flame (7)
 U - a wand of paralysis (5)
Scrolls
 f - 3 scrolls of immolation {unknown}
 h - 4 scrolls of fog {unknown}
 t - 2 scrolls of blinking {unknown}
 x - 9 scrolls of remove curse
 z - a scroll of identify
 C - 5 scrolls of enchant weapon {unknown}
 F - a scroll of noise {unknown}
 G - a scroll of magic mapping {unknown}
 J - a scroll of torment {unknown}
Potions
 g - 5 potions of lignification {unknown}
 n - 4 potions of brilliance {unknown}
 o - 2 potions of might {unknown}
 q - a potion of magic {unknown}
 s - a potion of agility {unknown}
 w - 2 potions of haste {unknown}
 B - 2 potions of mutation {unknown}
 H - a potion of cancellation {unknown}
 K - 2 potions of flight {unknown}
 N - 5 potions of resistance
 O - 4 potions of curing
 Q - a potion of ambrosia {unknown}
 S - a potion of heal wounds {unknown}
Miscellaneous
 T - a phial of floods
Comestibles
 v - 13 rations
 X - 2 chunks of flesh


   Skills:
 - Level 1.7 Dodging
 - Level 2.4 Stealth
 * Level 4.2 Shields
 - Level 7.3 Spellcasting
 - Level 6.0 Conjurations
 - Level 4.0 Charms
   Level 1.0 Summonings
 - Level 10.0 Necromancy
   Level 0.8 Translocations
 - Level 5.2 Fire Magic
 - Level 5.0 Air Magic
 - Level 10.0 Earth Magic


You had 3 spell levels left.
You knew the following spells:

 Your Spells              Type           Power        Failure   Level  Hunger
a - Conjure Flame         Conj/Fire      ####....     2%          3    None
b - Borgnjor's Vile Clut  Necr/Erth      ######....   3%          5    #####..
c - Magic Dart            Conj           ####         1%          1    None
d - Regeneration          Chrm/Necr      #####.....   1%          3    None
e - Mephitic Cloud        Conj/Pois/Air  ####....     4%          3    None
h - Dispel Undead         Necr           ######..     3%          5    #####..
z - Sublimation of Blood  Necr           ######....   1%          2    None

Your spell library contained the following spells:

 Spells                   Type           Power        Failure   Level  Hunger
 Pain                     Necr           ####         1%          1    None
 Corpse Rot               Necr           N/A          1%          2    None
 Beastly Appendage        Tmut           #.....       8%          1    None
 Call Imp                 Summ           ##......     8%          2    None
 Slow                     Hex            #.......     11%         2    None
 Sticks to Snakes         Tmut           #.......     11%         2    None
 Spider Form              Tmut/Pois      #.........   22%         3    None
 Animate Dead             Necr           N/A          1%          4    ###....
 Death Channel            Necr           ######....   19%         6    ######.
 Ice Form                 Ice/Tmut       #.......     58%         4    ###....
 Simulacrum               Ice/Necr       ####......   82%         6    ######.
 Blade Hands              Tmut           #.........   90%         5    #####..
 Blink                    Tloc           Unusable     N/A         2    N/A

Dungeon Overview and Level Annotations

Branches:
Dungeon (11/15)            Temple (1/1) D:6            Lair (0/6) D:8
    Orc (0/2) D:9

Altars:
Ashenzari
Cheibriados
Dithmenos
Elyvilon
Fedhas
Gozag
Hepliaklqana
Kikubaaqudgha
Makhleb
Nemelex Xobeh
Okawaru
Qazlal
Ru
Sif Muna
Trog
Uskayaw
Vehumet
Wu Jian
Xom
Yredelemnul
Zin
The Shining One
Beogh

Shops:
D:9 *

Annotations:
D:4 1 runed translucent door, kalagan's ghost, amateur GrEE
D:6 3 runed translucent doors, Kavlax's ghost, amateur HOFi; Thargor's ghost, novice DEFE


Innate Abilities, Weirdness & Mutations

You cannot be hasted, slowed, berserked, paralysed or teleported.
You can dig through walls and to a lower floor.
Your four strong arms can wield two-handed weapons with a shield.
You have a pair of large antennae on your head. (SInv)


Message History

The bolt of cold hits you!!!
Ouch! That really hurt!
The frost giant is engulfed in blazing flames.
You extend your mandibles.
You dig through the rock wall.
You dig through the rock wall.
Your skin is crawling a little less now.
You dig through the rock wall.
You dig through the rock wall.
You dig through the rock wall.
You dig through the rock wall.
You dig through the rock wall.
You are feeling hungry.
Your skin stops crawling.
You retract your mandibles.
There is a stone staircase leading up here.
The frost giant points at you and mumbles some strange words.
The bolt of cold hits you!!
You die...
Kikubaaqudgha rasps: "You have failed me!
Welcome... death!"

...
.........)..........
##
#######.####..######
##.###..# ##.##..#
##.#..# #C##..#
##.#..# ##...# ##@.#
###.######
#..........
#.#.####### #.#.#
#.#.# #.#.# #.#.#
#.#.#


You could see a frost giant.

Vanquished Creatures
  An ogre mage (D:10)
  Erica (D:10)
  6 two-headed ogres
  Urug (D:11)
  A centaur zombie (D:10)
  A rime drake (D:11)
  A polar bear (D:11)
  A hornet (D:11)
  2 hippogriffs (D:10)
  A wraith (D:10)
  A wyvern (D:8)
  2 soldier ants (D:10)
  A sky beast (D:10)
  3 ice beasts
  10 orc warriors
  A black bear (D:10)
  5 ogres
  7 centaurs
  A crocodile (D:9)
  A big kobold (D:8)
  2 bullfrogs
  A wyvern skeleton (D:6)
  5 killer bees (D:8)
  2 scorpions
  7 wights
  2 electric eels (D:9)
  2 howler monkeys
  2 crimson imps
  A quasit (D:10)
  A jelly (D:5)
  9 orc priests
  4 hounds
  Crazy Yiuf (D:7)
  16 orc wizards
  2 bullfrog skeletons (D:7)
  A centaur skeleton (D:9)
  4 iguanas
  10 worker ants
  A hound zombie (D:5)
  A hound skeleton (D:4)
  13 adders
  3 shadow imps
  An adder zombie (D:10)
  5 worms
  2 dart slugs (D:3)
  8 leopard geckos
  52 orcs
  2 ball pythons (D:2)
  4 giant cockroaches
  6 goblins
  7 hobgoblins
  9 jackals
  9 kobolds
  6 quokkas
  6 bats
  2 frilled lizards
  A jackal skeleton (D:5)
  7 rats
265 creatures vanquished.

Vanquished Creatures (others)
  3 withered plants (D:6)
3 creatures vanquished.

Grand Total: 268 creatures vanquished

Notes
Turn   | Place    | Note
-------+----------+-------------------------------------------
     0 | D:1      | DildoBatman the Formicid Wizard began the quest for the
                  | Orb.
     0 | D:1      | Reached XP level 1. HP: 13/13 MP: 4/4
    98 | D:1      | Reached skill level 1 in Conjurations
   259 | D:1      | Reached XP level 2. HP: 16/19 MP: 3/6
   933 | D:2      | Reached XP level 3. HP: 24/24 MP: 2/7
  1090 | D:2      | Found a sacrificial altar of Ru.
  1213 | D:2      | Found a faded altar of an unknown god.
  1378 | D:2      | Reached XP level 4. HP: 30/30 MP: 0/8
  2408 | D:3      | Reached XP level 5. HP: 35/35 MP: 3/9
  2674 | D:3      | Found a shattered altar of Ashenzari.
  2762 | D:3      | Found a snail-covered altar of Cheibriados.
  3100 | D:4      | Learned a level 3 spell: Conjure Flame
  3104 | D:4      | Learned a level 3 spell: Mephitic Cloud
  3108 | D:4      | Found a runed translucent door.
  3108 | D:4      | Noticed kalagan's ghost (amateur GrEE)
  3305 | D:4      | Found a deep blue altar of Sif Muna.
  3448 | D:4      | Found an opulent altar of Gozag.
  3455 | D:4      | Reached XP level 6. HP: 32/41 MP: 3/10
  3604 | D:4      | Reached skill level 5 in Conjurations
  4034 | D:5      | Entered Level 5 of the Dungeon
  4151 | D:5      | Noticed an ogre
  4338 | D:5      | Found a sparkling altar of Nemelex Xobeh.
  4391 | D:5      | Reached XP level 7. HP: 45/46 MP: 8/11
  4498 | D:5      | Reached skill level 1 in Fire Magic
  4508 | D:5      | Reached skill level 1 in Air Magic
  4707 | D:5      | Found a white marble altar of Elyvilon.
  5262 | D:6      | Found a runed translucent gate.
  5262 | D:6      | Found a runed translucent gate.
  5263 | D:6      | Found a runed translucent gate.
  5263 | D:6      | Noticed Thargor's ghost (novice DEFE)
  5263 | D:6      | Noticed Kavlax's ghost (amateur HOFi)
  5328 | D:6      | Found a staircase to the Ecumenical Temple.
  5345 | Temple   | Entered the Ecumenical Temple
  5356 | Temple   | Reached XP level 8. HP: 35/52 MP: 5/12
  5457 | Temple   | Became a worshipper of Kikubaaqudgha
  5893 | D:6      | Found a deep blue altar of Sif Muna.
  6128 | D:5      | Reached skill level 5 in Fire Magic
  6313 | D:4      | Reached XP level 9. HP: 23/57 MP: 13/13
  6390 | D:3      | Reached skill level 5 in Air Magic
  6652 | D:7      | Reached * piety under Kikubaaqudgha
  6652 | D:7      | Identified Kikubaaqudgha's Almanac of Black Arts
                  | (Kikubaaqudgha gifted it to you on level 7 of the Dungeon)
  6652 | D:7      | Received a gift from Kikubaaqudgha
  6657 | D:7      | Learned a level 2 spell: Sublimation of Blood
  6661 | D:7      | Learned a level 3 spell: Regeneration
  6681 | D:7      | Reached skill level 1 in Charms
  6681 | D:7      | Reached skill level 1 in Necromancy
  6812 | D:7      | Found the +9 heavy crossbow "Sniper" {velocity, Acc+∞ SInv}
  7191 | D:7      | Found a runed translucent door.
  7192 | D:7      | Noticed Crazy Yiuf
  7203 | D:7      | Killed Crazy Yiuf
  7656 | D:8      | Reached skill level 5 in Spellcasting
  7932 | D:8      | Reached ** piety under Kikubaaqudgha
  8071 | D:8      | Reached XP level 10. HP: 57/63 MP: 9/18
  8083 | D:8      | Found a hazy altar of Hepliaklqana.
  8109 | D:8      | Noticed a two-headed ogre
  8129 | D:8      | Killed a two-headed ogre
  8129 | D:8      | Reached skill level 5 in Necromancy
  8143 | D:8      | Found a staircase to the Lair.
  8788 | D:9      | Reached *** piety under Kikubaaqudgha
  8788 | D:9      | Identified Kikubaaqudgha's Reference Book on Evil
                  | (Kikubaaqudgha gifted it to you on level 9 of the Dungeon)
  8788 | D:9      | Received a gift from Kikubaaqudgha
  8828 | D:9      | Found a staircase to the Orcish Mines.
  9036 | D:9      | Found a roughly hewn altar of Beogh.
  9130 | D:9      | Found Osajuyggo's Assorted Antiques.
  9163 | D:9      | Bought a glowing pink potion for 22 gold pieces
  9163 | D:9      | Bought a scroll labeled ZOXICI JOST for 25 gold pieces
  9163 | D:9      | Bought a glowing grey potion for 22 gold pieces
  9213 | D:9      | Found a radiant altar of Vehumet.
  9215 | D:9      | Reached **** piety under Kikubaaqudgha
  9451 | D:9      | Learned a level 5 spell: Dispel Undead
  9457 | D:9      | Learned a level 5 spell: Borgnjor's Vile Clutch
  9458 | D:10     | Entered Level 10 of the Dungeon
  9461 | D:10     | Noticed a two-headed ogre
  9471 | D:10     | Killed a two-headed ogre
  9471 | D:10     | Reached XP level 11. HP: 40/68 MP: 22/22
  9473 | D:10     | Noticed a two-headed ogre
  9474 | D:10     | Noticed an ogre mage
  9476 | D:10     | Killed an ogre mage
  9476 | D:10     | Noticed a two-headed ogre
  9480 | D:10     | Killed a two-headed ogre
  9480 | D:10     | Reached skill level 5 in Earth Magic
  9535 | D:10     | Killed a two-headed ogre
  9586 | D:10     | Found a glowing golden altar of the Shining One.
  9615 | D:10     | Noticed a two-headed ogre
  9649 | D:10     | Killed a two-headed ogre
  9952 | D:10     | Noticed a two-headed ogre
  9965 | D:10     | Killed a two-headed ogre
  9965 | D:10     | Reached skill level 10 in Necromancy
 10296 | D:10     | Noticed Erica
 10307 | D:10     | Killed Erica
 10307 | D:10     | Reached XP level 12. HP: 58/74 MP: 23/23
 10561 | D:11     | Noticed Urug
 10617 | D:11     | Killed Urug
 10663 | D:11     | Reached skill level 10 in Earth Magic
 10678 | D:11     | Identified the +8 battleaxe of Mutilation {freeze, Dex+5}
 10678 | D:11     | Noticed a frost giant
 10693 | D:11     | Killed from afar by a frost giant

Skill      XL: |  1  2  3  4  5  6  7  8  9 10 11 12 |
---------------+-------------------------------------+-----
Conjurations   | 1 2 3 4 6 |  6.0
Fire Magic     | 3 5 |  5.2
Air Magic      | 2 4 5 |  5.0
Spellcasting   | 5 7 |  7.3
Charms         | 3 4 |  4.0
Necromancy     | 3 8 10 | 10.0
Earth Magic    | 2 9 10 | 10.0
Shields        | 4 |  4.2
Dodging        | |  1.7
Stealth        | |  2.4
Summonings     | |  1.0
Translocations | |  0.8

Action                   |  1- 3 |  4- 6 |  7- 9 | 10-12 || total
-------------------------+-------+-------+-------+-------++-------
Melee: Short sword       |    24 |    51 |    93 |       ||   168
       Trident           |       |       |   136 |    20 ||   156
       Dagger            |       |       |    37 |       ||    37
 Fire: Shortbow          |       |     3 |    13 |       ||    16
       Hunting sling     |       |       |    78 |    17 ||    95
       Heavy crossbow    |       |       |    25 |   111 ||   136
 Cast: Magic Dart        |    62 |    85 |    47 |    10 ||   204
       Mephitic Cloud    |       |     6 |    34 |    34 ||    74
       Conjure Flame     |       |     1 |    37 |    38 ||    76
       Sublimation of Bl |       |       |     2 |       ||     2
       Regeneration      |       |       |       |    17 ||    17
       Dispel Undead     |       |       |       |     2 ||     2
 Abil: Dig               |     1 |     2 |    18 |    12 ||    33
  Use: Scroll            |       |     3 |     3 |       ||     6
 Stab: Sleeping          |       |     1 |       |       ||     1
       Confused          |       |     1 |     5 |     2 ||     8
  Eat: Chunk             |     1 |    11 |    12 |    11 ||    35
       Ration            |       |       |     2 |       ||     2
Armor: Robe              |     9 |    12 |    14 |     7 ||    42
Dodge: Dodged            |    29 |    37 |    88 |    26 ||   180
       Deflected         |       |     4 |     4 |       ||     8
